 Dungeon Crawl Stone Soup version 0.16.1-2-g95b8d4c (webtiles) character file.

365442 talkandplay the Hoplite (level 21, -19/184 HPs)
             Began as a Minotaur Berserker on Mar 23, 2015.
             Was the Champion of Trog.
             Killed from afar by a frost giant (32 damage)
             ... with a bolt of cold
             ... on level 5 of the Vaults on Mar 24, 2015.
             The game lasted 06:44:22 (45951 turns).

talkandplay the Hoplite (Minotaur Berserker)       Turns: 45951, Time: 06:44:22

Health: -19/184    AC: 33    Str: 35    XL:     21   Next: 58%
Magic:  0/36       EV: 10    Int:  7    God:    Trog [******]
Gold:   1566       SH: 19    Dex: 10    Spells: 0 memorised, 20 levels left

rFire  . . .     SeeInvis +     a - +8 war axe of Psoam {vamp, Str+2 Dex-3 Stlth+}
rCold  . . .     Clarity  .     d - +2 plate armour {rPois}
rNeg   + + .     SustAb   .     I - +1 shield {reflect}
rPois  +         Gourm    .     X - +2 hat of the Bear Spirit {Spirit, +Rage rN+ MR++}
rElec  .         Spirit   +     V - +1 cloak {+Inv}
rCorr  .         Warding  .     B - +2 pair of gloves
rMut   .         Stasis   .     b - +2 pair of boots of Chedaih {-Cast rPois Regen+ Dex+2 Stlth+}
MR     ++++.     NoCast   +     E - amulet "Blotra" {Faith +Blink Str+4}
Stlth  ..........               K - ring "Pyucvux" {+Fly rC- rN+ MR+ Str+3}
                                e - ring of see invisible

@: incredibly resistant to hostile enchantments, extremely unstealthy
A: retaliatory headbutt, horns 2, blink 1, cold resistance 1, frail 1, high mp
1, weak 1
a: Blink, Burn Spellbooks, Berserk, Trog's Hand, Brothers in Arms, Renounce
Religion, Evoke Blink, Evoke Berserk Rage, Evoke Invisibility, Evoke Flight
}: 2/15 runes: serpentine, barnacled


You were on level 5 of the Vaults.
You worshipped Trog.
Trog was exalted by your worship.
You were not hungry.

You visited 7 branches of the dungeon, and saw 43 of its levels.
You visited 1 bazaar.

You collected 5082 gold pieces.
You spent 3516 gold pieces at shops.

Inventory:

Hand weapons
 a - the +8 war axe of Psoam (weapon) {vamp, Str+2 Dex-3 Stlth+}
   (You found it on level 8 of the Dungeon)

   It inflicts no extra harm, but heals its wielder somewhat when it strikes a
   living foe.
   It affects your strength (+2).
   It affects your dexterity (-3).
   It makes you more stealthy.
 o - the +6 great mace of Bidyg {vamp, Str+6 Int+5}
   (You found it on level 3 of the Vaults)

   It inflicts no extra harm, but heals its wielder somewhat when it strikes a
   living foe.
   It affects your strength (+6).
   It affects your intelligence (+5).
 t - the +12 broad axe of Truth {drain, *Rage MR++ Int+5 Dex-3}
   (Trog gifted it to you on level 3 of the Orcish Mines)

   A truly terrible weapon, it drains the life of those it strikes.
   It affects your intelligence (+5).
   It affects your dexterity (-3).
   It affects your resistance to hostile enchantments.
   It may make you go berserk in combat.
 H - the +6 broad axe of Quarrel {antimagic, rC- rN+ MR+ Str+3 Int-2}
   (You found it on level 5 of the Shoals)

   It disrupts the flow of magical energy around spellcasters and certain
   magical creatures (including the wielder).
   It affects your strength (+3).
   It affects your intelligence (-2).
   It makes you vulnerable to cold.
   It protects you from negative energy.
   It affects your resistance to hostile enchantments.
Armour
 b - the +2 pair of boots of Chedaih (worn) {-Cast rPois Regen+ Dex+2 Stlth+}
   (You bought it in a shop on level 4 of the Orcish Mines)

   It affects your dexterity (+2).
   It protects you from poison.
   It prevents spellcasting.
   It increases your rate of regeneration.
   It makes you more stealthy.
 d - a +2 plate armour of poison resistance (worn)
 w - a +2 pair of boots of flying
 B - a +2 pair of gloves (worn)
 F - the +5 plate armour of Amorality {rC- Int+3}
   (You found it on level 5 of the Vaults)

   It affects your intelligence (+3).
   It makes you vulnerable to cold.
 I - a +1 shield of reflection (worn)
 V - a +1 cloak of invisibility (worn)
 X - the +2 hat of the Bear Spirit (worn) {Spirit, +Rage rN+ MR++}
   (You bought it in a shop on level 4 of the Orcish Mines)

   It protects you from negative energy.
   It affects your resistance to hostile enchantments.
   It lets you go berserk.
Jewellery
 e - a ring of see invisible (left hand)
 n - the ring of Icraewott {Wiz rC+ MP+9}
   (You found it on level 15 of the Dungeon)

   [ring of wizardry]

   It improves your spell success rate.
   It protects you from cold.
   It affects your magic capacity (+9).
 q - an uncursed ring of protection from fire
 E - the amulet "Blotra" (around neck) {Faith +Blink Str+4}
   (You found it on level 7 of the Lair of Beasts)

   [amulet of faith]

   It allows you to gain divine favour quickly.
   It affects your strength (+4).
   It lets you blink.
 K - the ring "Pyucvux" (right hand) {+Fly rC- rN+ MR+ Str+3}
   (You found it on level 15 of the Dungeon)

   [ring of protection from magic]

   It affects your strength (+3).
   It makes you vulnerable to cold.
   It protects you from negative energy.
   It affects your resistance to hostile enchantments.
   It lets you fly.
 W - an uncursed ring of positive energy
Magical devices
 h - a wand of frost (17)
 k - a wand of digging (10)
 u - a wand of draining (6)
 x - a wand of magic darts (48)
 D - a wand of hasting (4)
 J - a wand of teleportation (3)
 P - a wand of fireball (3)
Scrolls
 g - 9 scrolls of fog
 j - 4 scrolls of blinking
 v - 9 scrolls of magic mapping
 y - 10 scrolls of remove curse
 z - 15 scrolls of identify
 A - a scroll of recharging
 C - 7 scrolls of fear
 Q - a scroll of enchant armour
 S - 21 scrolls of teleportation
 Y - a scroll of summoning
Potions
 l - 3 potions of brilliance
 p - a potion of invisibility
 r - 13 potions of curing
 L - 8 potions of restore abilities
 M - a potion of resistance
 N - 6 potions of haste
 O - 7 potions of heal wounds
 R - a potion of cancellation
 T - 4 potions of might
 Z - 4 potions of agility
Books
 G - a book of the Earth

   Spells                             Type                      Level
   a - Leda's Liquefaction            Hexes/Earth                  4
   b - Bolt of Magma                  Conjuration/Fire/Earth       5
   c - Statue Form                    Transmutation/Earth          6
   d - Iron Shot                      Conjuration/Earth            6
   e - Shatter                        Earth                        9
   Trog disapproves of the use of such an item.
Comestibles
 c - 9 bread rations
 f - 12 royal jellies
 i - 9 meat rations
 m - 9 beef jerkies
 s - 18 fruits
 U - 10 slices of pizza


   Skills:
 * Level 21.6 Fighting
 - Level 19.3 Axes
 + Level 20.2 Armour
 - Level 2.1 Dodging
 - Level 0.3 Stealth
 + Level 21.9 Shields
 - Level 15.0 Evocations


You had 20 spell levels left.
You didn't know any spells.

Dungeon Overview and Level Annotations

Branches:
Dungeon (15/15)            Temple (1/1) D:4            Lair (8/8) D:8
 Shoals (5/5) Lair:6        Snake (5/5) Lair:5        Slime (0/6) Lair:6
    Orc (4/4) D:9             Elf (0/3) Orc:4        Vaults (5/5) D:14
  Crypt (0/3) Vaults:3     Depths (0/5) D:15

Altars:
Ashenzari
Cheibriados
Elyvilon
Kikubaaqudgha
Makhleb
Nemelex Xobeh
Okawaru
Qazlal
Sif Muna
Vehumet
Yredelemnul
The Shining One
Beogh
Jiyva

Shops:
D:5 %   D:6 !   D:7 :=:[   D:8 (   D:9 ([   D:12 *   D:15 %=[   Orc:4 =[(*
Shoals:2 ?   Shoals:3 *   Snake:1 [   Snake:2 !*[=*   Snake:4 (   Vaults:4 }


Innate Abilities, Weirdness & Mutations

You reflexively headbutt those who attack you in melee.
You have a pair of horns on your head.
You can translocate small distances at will.
Your flesh is cold resistant.
You are frail (-10% HP).
You have an increased reservoir of magic (+10% MP).
You are weak. (Str -2)


Message History

The bolt of cold hits you!
You barely miss the ironbrand convoker.
The ironbrand convoker is almost dead.
You hit the frost giant.
The frost giant is almost dead.
You hit the frost giant!!
You feel better.
The frost giant is almost dead.
The frost giant casts a spell at you. The bolt of cold hits you!
* * * LOW HITPOINT WARNING * * *
The frost giant casts a spell at you. The bolt of cold hits you!
* * * LOW HITPOINT WARNING * * *
The frost giant points at you and mumbles some strange words.
The bolt of cold hits you!
* * * LOW HITPOINT WARNING * * *
You block the ironbrand convoker's attack.
The frost giant gestures at you while chanting.
The bolt of cold hits you!
You die...

..............# #..#..#
..............# #.....#
##################....#
.... .............# ...
........)))..# ...
.............# ...
............# ##
###############....#
...............@.....#
...............##pC#..#
..............###XC#..#
.............## CXC#..#
#...........## ....#..#
#.........## .....#..#
##.......## ......#.
##).)!.## .......#
##.).## ......#


You could see 2 tentacled monstrosities, 2 frost giants, a stone giant and an
ironbrand convoker.

Vanquished Creatures
  A tentacled monstrosity (Vaults:5)
  2 titans (Vaults:5)
  Polyphemus (Shoals:2)
  A kraken (Shoals:2)
  A sphinx (Vaults:2)
  An octopode crusher (Shoals:1)
  A lich (Vaults:4)
  Agnes (Shoals:3)
  A shadow dragon (Vaults:5)
  6 tengu reavers
  A revenant (Vaults:3)
  Ilsuiw (Shoals:5)
  9 greater nagas
  2 frost giants
  An iron dragon (Vaults:4)
  Donald (Snake:2)
  Wiglaf (Shoals:5)
  14 vault wardens
  Aizul (Snake:1)
  2 deep elf sorcerers
  Gastronok (D:12)
  7 stone giants
  A war gargoyle (Vaults:4)
  15 ironheart preservers
  The ghost of Gigax the Black Belt, a powerful OpFi of Okawaru (Lair:8)
  A deep elf annihilator (Vaults:5)
  3 merfolk javelineers (Shoals:5)
  6 ettins
  Snorg (Orc:4)
  38 vault guards
  A jiangshi (Vaults:3)
  11 merfolk impalers
  A deep elf death mage (Vaults:2)
  A fire dragon (Vaults:4)
  A deep elf high priest (Vaults:5)
  11 yaktaur captains
  2 great orbs of eyes (D:15)
  Fannar (Orc:3)
  Harold (D:12)
  19 naga warriors
  5 catoblepae
  An ice dragon (Vaults:5)
  3 rakshasas (D:15)
  A merfolk avatar (Shoals:5)
  An alligator snapping turtle (Shoals:5)
  Erica (Lair:4)
  A hydra (Lair:7)
  7 centaur warriors
  7 ogre magi
  The ghost of Fluffy the Cleaver, an experienced HOFi of Qazlal (D:9)
  A deep troll shaman (D:15)
  14 anacondas
  7 merfolk aquamancers
  2 dancing weapons
  20 death yaks
  3 tengu warriors (D:15)
  A satyr (Shoals:5)
  17 naga sharpshooters
  Nergalle (Lair:7)
  9 salamander mystics
  10 shock serpents
  3 deep elf knights
  12 skeletal warriors
  A soul eater (Vaults:3)
  17 sea snakes
  A shadow wraith (Vaults:4)
  A giant orange brain (Vaults:4)
  4 unseen horrors
  4 flayed ghosts
  7 naga ritualists
  A harpy (shapeshifter) (Vaults:4)
  2 deep elf summoners (Vaults:2)
  5 lindwurms
  A hill giant (shapeshifter) (Vaults:5)
  16 mana vipers
  10 hill giants
  2 necromancers
  12 ironbrand convokers
  12 orc knights
  17 harpies
  3 ugly thing zombies (Vaults:1)
  14 griffons
  2 deep elf conjurers
  3 phantasmal warriors
  6 orc sorcerers
  A frost giant zombie (Vaults:3)
  3 hornets
  25 ugly things
  A stone giant zombie (Vaults:3)
  5 water nymphs
  11 cyclopes
  21 salamanders
  2 wolf spiders
  8 sirens
  A molten gargoyle (Lair:2)
  Maurice (Orc:2)
  9 manticores
  11 guardian serpents
  Joseph (D:12)
  3 centaur zombies
  A torpor snail (Lair:7)
  5 elephants (Lair:7)
  2 gargoyles (D:15)
  27 black mambas
  Psyche (D:9)
  16 naga magi
  2 fire drakes (shapeshifter)
  3 fire drakes
  7 kobold demonologists
  A spiny frog (shapeshifter) (Vaults:4)
  2 efreet
  9 komodo dragons
  6 spiny frogs
  9 vault sentinels
  38 yaktaurs
  A deep elf priest (Vaults:2)
  A komodo dragon (shapeshifter) (D:15)
  A jumping spider (shapeshifter) (D:15)
  10 two-headed ogres
  5 freezing wraiths
  6 trolls
  A jumping spider (Vaults:2)
  Sonja (Orc:4)
  39 merfolk
  A queen bee (D:13)
  A polar bear (Lair:5)
  11 blink frogs
  11 slime creatures
  3 boulder beetles
  3 ravens (D:15)
  A raven (shapeshifter) (Vaults:3)
  A redback (shapeshifter) (Vaults:4)
  5 snapping turtles
  2 wind drakes
  A spriggan (shapeshifter) (Vaults:4)
  5 basilisks
  2 human simulacra
  4 shadows
  2 wraiths
  2 centaur simulacra (D:15)
  A redback (D:15)
  10 water elementals
  3 wyverns
  A flying skull (Vaults:3)
  2 hungry ghosts
  50 yaks
  13 humans (D:14)
  A frost giant simulacrum (Vaults:3)
  6 fire bats (Lair:2)
  3 spriggans
  11 hippogriffs
  A ynoxinul (Vaults:3)
  Eustachio (D:5)
  8 deep elf magi
  5 wargs
  52 nagas
  A mottled dragon (D:11)
  13 wolves
  7 deep elf fighters
  17 water moccasins
  8 vampire mosquitoes
  A soldier ant (D:11)
  4 phantoms
  A soldier ant (shapeshifter) (Vaults:3)
  4 black bears
  An ettin simulacrum (Vaults:1)
  5 porcupines
  A wasp (D:15)
  2 human zombies (Vaults:1)
  27 orc warriors
  2 eyes of draining (D:13)
  7 sky beasts
  7 ice beasts
  29 ogres
  3 human skeletons
  3 boring beetles
  8 boggarts
  10 crocodiles
  18 centaurs
  Sigmund (D:6)
  Duvessa (D:8)
  2 brain worms
  A gnoll sergeant (D:5)
  4 wyvern zombies
  11 giant frogs
  16 big kobolds
  3 wyvern skeletons
  A deep troll simulacrum (Vaults:1)
  3 scorpions
  11 wights
  A lava snake (Lair:2)
  3 electric eels
  Dowan (D:8)
  29 killer bees
  6 crimson imps
  A giant frog zombie (D:12)
  2 goliath beetles
  4 jellies
  4 iguanas
  5 quasits
  2 centaur skeletons
  44 orc priests
  2 iron imps
  2 giant frog skeletons
  14 hounds
  Natasha (thrice) (D:5)
  29 orc wizards
  31 sheep
  An elf simulacrum (Vaults:3)
  8 worker ants
  A hell rat (Vaults:2)
  Ijyb (D:2)
  A mummy (D:12)
  Robin (D:3)
  15 gnolls
  22 adders
  48 river rats
  A giant mite (D:4)
  2 white imps (D:15)
  2 giant eyeballs (D:15)
  5 shadow imps
  2 ufetubi
  2 worms
  An adder skeleton (D:9)
  6 giant geckos
  221 orcs
  A ball python (D:1)
  18 bats
  A bat zombie (D:5)
  32 goblins
  18 hobgoblins
  14 jackals
  37 kobolds
  12 quokkas
  3 giant cockroaches
  2 giant gecko skeletons (D:4)
  6 giant newts
  A giant spore (D:15)
  3 orc zombies (Orc:4)
  24 rats
  5 ballistomycetes
  6 fungi
  11 plants
  3 tentacles (Shoals:2)
1914 creatures vanquished.

Vanquished Creatures (collateral kills)
  Sojobo (Vaults:4)
  Saint Roka (Orc:4)
  Rupert (Lair:7)
  A cacodemon (Vaults:1)
  A deep elf demonologist (Vaults:1)
  A yaktaur captain (Vaults:4)
  A hydra (D:8)
  A wizard (Vaults:1)
  A red devil (Vaults:1)
  A spectral orc (Lair:7)
  A deep elf fighter (Vaults:1)
  A neqoxec (Vaults:1)
  2 orc warriors
  A sky beast (D:7)
  A scorpion (D:7)
  An orc wizard (D:7)
  A hound (Lair:7)
  4 orcs (D:7)
22 creatures vanquished.

Vanquished Creatures (others)
  A stone giant (Vaults:5)
  A merfolk javelineer (Shoals:4)
  A yaktaur captain (Vaults:3)
  A centaur warrior (Vaults:2)
  Nessos (Shoals:2)
  A satyr (Shoals:5)
  A naga sharpshooter (Snake:4)
  A hill giant (Vaults:1)
  4 yaktaurs
  2 humans (D:14)
  3 nagas
  An ogre (Vaults:3)
  2 centaurs (Shoals:4)
  2 river rats
  An orc (Vaults:3)
  A giant spore (D:11)
  2 spectral orcs (Lair:7)
  2 fungi
  2 plants
  3 tentacles (Shoals:2)
  85 tentacle segments (Shoals:2)
118 creatures vanquished.

Grand Total: 2054 creatures vanquished

Notes
Turn   | Place    | Note
--------------------------------------------------------------
     0 | D:1      | talkandplay, the Minotaur Berserker, began the quest for the Orb.
     0 | D:1      | Reached XP level 1. HP: 19/19 MP: 1/1
   147 | D:1      | Reached skill level 4 in Axes
   190 | D:1      | Reached XP level 2. HP: 21/26 MP: 1/1
   379 | D:1      | Acquired Trog's second power
   709 | D:1      | Reached XP level 3. HP: 19/31 MP: 2/2
   712 | D:1      | Reached skill level 5 in Axes
  1161 | D:2      | Found a snail-covered altar of Cheibriados.
  1448 | D:2      | Found a snail-covered altar of Cheibriados.
  1606 | D:2      | Reached XP level 4. HP: 13/39 MP: 1/2
  1799 | D:2      | Reached skill level 6 in Axes
  2325 | D:2      | Noticed Ijyb
  2338 | D:2      | Killed Ijyb
  2338 | D:2      | Reached XP level 5. HP: 20/45 MP: 1/2
  2551 | D:2      | Received a gift from Trog
  2964 | D:3      | Noticed Robin
  2972 | D:3      | Reached skill level 7 in Axes
  2982 | D:3      | Acquired Trog's third power
  2986 | D:3      | Killed Robin
  3014 | D:3      | Found a sparkling altar of Nemelex Xobeh.
  3525 | D:4      | Reached XP level 6. HP: 51/51 MP: 3/3
  3720 | D:4      | Reached skill level 8 in Axes
  4059 | D:4      | You fall through a shaft!
  4059 | D:5      | Entered Level 5 of the Dungeon
  4210 | D:5      | Gained mutation: You can translocate small distances at will. [potion of mutation]
  4210 | D:5      | Gained mutation: Your flesh is cold resistant. [potion of mutation]
  4210 | D:5      | Gained mutation: You have an increased reservoir of magic (+10% MP). [potion of mutation]
  4277 | D:5      | Noticed Natasha
  4285 | D:5      | Killed Natasha
  4440 | D:5      | Found Shyshyusm's Food Boutique.
  4541 | D:5      | Noticed Natasha
  4550 | D:5      | Killed Natasha
  4791 | D:5      | Reached XP level 7. HP: 32/57 MP: 2/3
  4816 | D:5      | Received a gift from Trog
  4997 | D:5      | Noticed Natasha
  4997 | D:5      | Noticed Eustachio
  5011 | D:5      | Killed Natasha
  5015 | D:5      | Killed Eustachio
  5015 | D:5      | Reached skill level 9 in Axes
  5015 | D:5      | Reached skill level 5 in Armour
  5015 | D:5      | Reached skill level 1 in Shields
  5368 | D:4      | Noticed a hippogriff
  5373 | D:4      | Killed a hippogriff
  5558 | D:4      | Noticed an ogre
  5565 | D:4      | Killed an ogre
  5565 | D:4      | Reached XP level 8. HP: 29/64 MP: 0/3
  5718 | D:4      | Found a staircase to the Ecumenical Temple.
  5884 | Temple   | Entered the Ecumenical Temple
  5959 | D:5      | Reached skill level 10 in Axes
  6403 | D:6      | Noticed Sigmund
  6412 | D:6      | Killed Sigmund
  6430 | D:6      | Reached skill level 11 in Axes
  6777 | D:6      | Found Plaloh's Distillery.
  6789 | D:6      | Bought a potion of degeneration for 12 gold pieces
  6789 | D:6      | Bought a potion of resistance for 120 gold pieces
  6789 | D:6      | Bought a potion of haste for 120 gold pieces
  6835 | D:7      | Found Pnoedah's Book Boutique.
  6849 | D:7      | Reached XP level 9. HP: 15/70 MP: 1/4
  6894 | D:7      | Found Ruaphaku's Jewellery Shoppe.
  7132 | D:7      | Received a gift from Trog
  7166 | D:7      | Reached skill level 12 in Axes
  7196 | D:7      | Found Xienanet's Book Shoppe.
  7225 | D:7      | Found Tocuha Biebo's Antique Armour Boutique.
  7473 | D:7      | Found a radiant altar of Vehumet.
  7620 | D:7      | Found Uciefea's Antique Weapon Boutique.
  7790 | D:7      | Reached skill level 13 in Axes
  7921 | D:8      | Found Smoq's Weapon Shop.
  8012 | D:8      | Found a staircase to the Lair.
  8066 | D:8      | Noticed Duvessa
  8066 | D:8      | Noticed Dowan
  8078 | D:8      | Killed Duvessa
  8078 | D:8      | Reached XP level 10. HP: 67/77 MP: 1/4
  8084 | D:8      | Killed Dowan
  8087 | D:8      | Reached skill level 14 in Axes
  8099 | D:8      | Reached skill level 5 in Shields
  8140 | D:8      | Noticed a three-headed hydra
  8148 | D:8      | Killed a four-headed hydra
  8350 | D:8      | Found a burning altar of Makhleb.
  8517 | D:8      | Got a smoking war axe
  8521 | D:8      | Identified the +8 war axe of Psoam {vamp, Str+2 Dex-3 Stlth+} (You found it on level 8 of the Dungeon)
  8667 | D:8      | Received a gift from Trog
  8823 | D:8      | Reached skill level 15 in Axes
  8980 | D:9      | Noticed Fluffy's ghost (experienced HOFi)
  8990 | D:9      | Killed Fluffy's ghost
  9149 | D:9      | Reached skill level 16 in Axes
  9149 | D:9      | Reached XP level 11. HP: 69/82 MP: 3/4
  9179 | D:9      | Found a staircase to the Orcish Mines.
  9203 | D:9      | Found a roughly hewn altar of Beogh.
  9228 | D:9      | Reached skill level 10 in Armour
  9229 | D:9      | Received a gift from Trog
  9261 | D:9      | Reached skill level 1 in Evocations
  9266 | D:9      | Found Anuniamp's Antique Armour Boutique.
  9284 | D:9      | Bought a pair of glowing boots for 126 gold pieces
  9293 | D:9      | Found a shattered altar of Ashenzari.
  9396 | D:9      | Found Jipnu's Weapon Shoppe.
  9564 | D:9      | Noticed Psyche
  9569 | D:9      | Found an ancient bone altar of Kikubaaqudgha.
  9569 | D:9      | Found a basalt altar of Yredelemnul.
  9569 | D:9      | Found an iron altar of Okawaru.
  9584 | D:9      | Killed Psyche
  9777 | Orc:1    | Entered Level 1 of the Orcish Mines
  9929 | Orc:2    | Noticed Maurice
  9938 | Orc:2    | Killed Maurice
 10148 | Orc:3    | Received a gift from Trog
 10149 | Orc:3    | Got a scorched broad axe {god gift}
 10160 | Orc:4    | Entered Level 4 of the Orcish Mines
 10160 | Orc:4    | Noticed Sonja
 10326 | Orc:2    | Reached skill level 5 in Fighting
 10549 | Orc:4    | Found a staircase to the Elven Halls.
 10571 | Orc:4    | Received a gift from Trog
 10766 | Orc:4    | Noticed Snorg
 10781 | Orc:4    | Killed Snorg
 10789 | Orc:4    | Killed Sonja
 11278 | Orc:4    | Noticed Saint Roka
 11503 | Orc:3    | Noticed a stone giant
 11521 | Orc:3    | Killed a stone giant
 11551 | Orc:3    | Noticed Fannar
 11580 | Orc:3    | Killed Fannar
 11580 | Orc:3    | Reached XP level 12. HP: 86/100 MP: 9/15
 11602 | Orc:3    | Received a gift from Trog
 11962 | Orc:3    | Reached skill level 5 in Evocations
 12266 | Orc:4    | Killed Saint Roka
 12313 | Orc:4    | Identified the +12 broad axe of Truth {drain, *Rage MR++ Int+5 Dex-3} (Trog gifted it to you on level 3 of the Orcish Mines)
 12441 | Orc:4    | Found a roughly hewn altar of Beogh.
 12441 | Orc:4    | Found Juba's General Store.
 12463 | Orc:4    | Bought a potion of curing for 45 gold pieces
 12463 | Orc:4    | Bought a scroll of teleportation for 45 gold pieces
 12463 | Orc:4    | Bought a potion of heal wounds for 75 gold pieces
 12463 | Orc:4    | Bought a scroll of fog for 30 gold pieces
 12463 | Orc:4    | Bought 2 potions of might for 120 gold pieces
 12498 | Orc:4    | Found Peluymmu's Antique Armour Shop.
 12498 | Orc:4    | Found a roughly hewn altar of Beogh.
 12500 | Orc:4    | Found Fozergh's Antique Weapon Boutique.
 12513 | Orc:4    | Bought the +2 hat of the Bear Spirit {Spirit, +Rage rN+ MR++} for 667 gold pieces
 12513 | Orc:4    | Bought a pair of embroidered gloves for 81 gold pieces
 12563 | Orc:4    | Received a gift from Trog
 12648 | Orc:4    | Found a roughly hewn altar of Beogh.
 12758 | Orc:4    | Found a roughly hewn altar of Beogh.
 12775 | Orc:4    | Found Shraeff's Jewellery Emporium.
 12788 | Orc:4    | Bought a cursed amulet of inaccuracy for 28 gold pieces
 12958 | Lair:1   | Entered Level 1 of the Lair of Beasts
 13184 | Lair:1   | Reached skill level 10 in Shields
 14440 | Lair:2   | Reached XP level 13. HP: 111/111 MP: 20/20
 16201 | Lair:3   | Reached skill level 17 in Axes
 16341 | Lair:4   | Received a gift from Trog
 16638 | Lair:4   | Noticed Erica
 16671 | Lair:4   | Killed Erica
 17146 | Lair:5   | Found a staircase to the Snake Pit.
 17781 | Lair:6   | Found a viscous altar of Jiyva.
 17781 | Lair:6   | Found a staircase to the Slime Pits.
 18209 | Lair:6   | Found a staircase to the Shoals.
 18554 | Lair:7   | Noticed Rupert
 18570 | Lair:7   | Killed Rupert
 18621 | Lair:7   | Got a heavily runed ruby amulet
 18635 | Lair:7   | Identified the amulet "Blotra" {Faith +Blink Str+4} (You found it on level 7 of the Lair of Beasts)
 18667 | Lair:7   | Received a gift from Trog
 18744 | Lair:7   | Reached skill level 18 in Axes
 18962 | Lair:7   | Noticed Nergalle
 19540 | Lair:7   | Killed Nergalle
 19588 | Lair:7   | Reached XP level 14. HP: 83/118 MP: 19/24
 19881 | Lair:8   | Entered Level 8 of the Lair of Beasts
 20498 | Lair:8   | Received a gift from Trog
 20501 | Lair:8   | Noticed Gigax's ghost (powerful OpFi)
 20540 | Lair:8   | Killed Gigax's ghost
 20621 | Lair:8   | Reached skill level 19 in Axes
 20892 | Lair:8   | Identified the Papyrus of Clay
 20896 | Lair:8   | Got a vibrating sapphire amulet
 20900 | Lair:8   | Identified the amulet "Kainaagu" {+Rage rC+ Str+3} (You found it on level 8 of the Lair of Beasts)
 21597 | Orc:4    | Bought a pair of scorched boots for 171 gold pieces
 21597 | Orc:4    | Bought a shield for 81 gold pieces
 21618 | Orc:4    | Identified the +2 pair of boots of Chedaih {-Cast rPois Regen+ Dex+2 Stlth+} (You bought it in a shop on level 4 of the Orcish Mines)
 21624 | Orc:4    | Bought a translucent war axe for 212 gold pieces
 21624 | Orc:4    | Identified the +3 war axe of Fee Simple {freeze, Int+4} (You bought it in a shop on level 4 of the Orcish Mines)
 21798 | D:10     | Entered Level 10 of the Dungeon
 22952 | D:11     | Received a gift from Trog
 23126 | D:11     | Reached skill level 15 in Armour
 23239 | D:11     | Reached skill level 10 in Evocations
 23617 | D:11     | Received a gift from Trog
 23704 | D:12     | Noticed Harold
 23710 | D:12     | Killed Harold
 23752 | D:12     | Noticed Gastronok
 23764 | D:12     | Killed Gastronok
 23843 | D:12     | Found Veaphibb's General Store.
 23861 | D:12     | Bought a scroll of identify for 22 gold pieces
 24017 | D:12     | Reached skill level 10 in Fighting
 24033 | D:12     | Noticed Joseph
 24045 | D:12     | Killed Joseph
 24358 | D:12     | Received a gift from Trog
 24727 | D:13     | Reached XP level 15. HP: 126/126 MP: 27/27
 24799 | D:13     | Received a gift from Trog
 25052 | D:13     | Found a deep blue altar of Sif Muna.
 25194 | D:14     | Found a gate to the Vaults.
 25543 | D:14     | Received a gift from Trog
 25737 | D:14     | Got a steaming ring mail
 25748 | D:14     | Identified the +0 ring mail "Cluremn" {rN++} (You found it on level 14 of the Dungeon)
 25865 | D:15     | Entered Level 15 of the Dungeon
 25884 | D:15     | Paralysed by a giant eyeball for 2 turns
 25929 | D:15     | Found Litaqath's Food Boutique.
 26032 | D:15     | Got a translucent silver ring
 26034 | D:15     | Identified the ring of Icraewott {Wiz rC+ MP+9} (You found it on level 15 of the Dungeon)
 26651 | D:15     | Got a transparent amber ring
 26662 | D:15     | Found Yfupil's Jewellery Boutique.
 26674 | D:15     | Bought the ring "Plog" {rElec EV+2} for 240 gold pieces
 26674 | D:15     | Bought an uncursed ring of flight for 175 gold pieces
 26792 | D:15     | Received a gift from Trog
 26798 | D:15     | Got a scorched chain mail
 26800 | D:15     | Got a heavily runed granite ring
 26813 | D:15     | Identified the +7 chain mail "Udethr Duul" {rC- rN+ MR+ Dex+4 Stlth-} (You found it on level 15 of the Dungeon)
 26826 | D:15     | Identified the ring "Ukeogg" {Fire MR- Str+3 Stlth+} (You found it on level 15 of the Dungeon)
 26828 | D:15     | Identified the ring "Pyucvux" {+Fly rC- rN+ MR+ Str+3} (You found it on level 15 of the Dungeon)
 26854 | D:15     | Found Baunwa's Armour Shop.
 26863 | D:15     | Bought a +1 shield of reflection for 175 gold pieces
 26927 | D:15     | Found a staircase to the Depths.
 27672 | D:15     | Got a pitted chain mail
 28120 | Snake:1  | Entered Level 1 of the Snake Pit
 28374 | Snake:1  | Found Geujowk's Antique Armour Boutique.
 28526 | Snake:1  | Reached XP level 16. HP: 139/139 MP: 26/29
 28626 | Snake:1  | Noticed Aizul
 28647 | Snake:1  | Killed Aizul
 28943 | Snake:1  | Found a snail-covered altar of Cheibriados.
 29038 | Snake:2  | Found Hoylose's General Store.
 29061 | Snake:2  | Received a gift from Trog
 29062 | Snake:2  | Got an ichor-stained scimitar {god gift}
 29165 | Snake:2  | Found Skofruc's Antique Armour Shoppe.
 29187 | Snake:2  | Found Cugoujit's Jewellery Emporium.
 29233 | Snake:2  | Found Qaiwaim's Assorted Antiques.
 29250 | Snake:2  | Found Qoill's Distillery.
 29259 | Snake:2  | Bought a potion of heal wounds for 65 gold pieces
 29259 | Snake:2  | Bought a potion of heal wounds for 65 gold pieces
 29259 | Snake:2  | Bought a potion of heal wounds for 65 gold pieces
 29259 | Snake:2  | Bought 2 potions of curing for 78 gold pieces
 29259 | Snake:2  | Bought 2 potions of heal wounds for 130 gold pieces
 29291 | Snake:2  | Noticed Donald
 29308 | Snake:2  | Killed Donald
 29934 | Snake:2  | You fall through a shaft for 2 floors!
 29966 | Snake:4  | Reached skill level 15 in Shields
 29995 | Snake:4  | Received a gift from Trog
 30183 | Snake:4  | Found Zatuecz Eharch's Weapon Boutique.
 30809 | Snake:3  | Received a gift from Trog
 31464 | Snake:3  | Reached XP level 17. HP: 152/152 MP: 26/30
 32436 | Snake:5  | Entered Level 5 of the Snake Pit
 32533 | Snake:5  | Received a gift from Trog
 33365 | Snake:5  | Received a gift from Trog
 33490 | Snake:5  | Reached skill level 15 in Fighting
 33601 | Snake:5  | Received a gift from Trog
 33735 | Snake:5  | Received a gift from Trog
 33765 | Snake:5  | Reached XP level 18. HP: 153/166 MP: 5/31
 33786 | Snake:5  | Got a serpentine rune of Zot
 34504 | Shoals:1 | Entered Level 1 of the Shoals
 34534 | Shoals:1 | Got a pitted scale mail
 34757 | Shoals:1 | Received a gift from Trog
 35207 | Shoals:2 | Noticed Nessos
 35218 | Shoals:2 | Found Strogig's Magic Scroll Shoppe.
 35218 | Shoals:2 | Killed Nessos
 35229 | Shoals:2 | Bought a scroll of identify for 34 gold pieces
 35229 | Shoals:2 | Bought a scroll of identify for 34 gold pieces
 35229 | Shoals:2 | Bought a scroll of identify for 34 gold pieces
 35234 | Shoals:2 | Noticed Polyphemus
 35269 | Shoals:2 | Killed Polyphemus
 35920 | Shoals:3 | Received a gift from Trog
 35931 | Shoals:3 | Identified the +5 scale mail of Agoraphobia {Dex+4} (You found it on level 1 of the Shoals)
 35952 | Shoals:3 | Noticed Agnes
 35963 | Shoals:3 | Killed Agnes
 36298 | Shoals:3 | Found Tezirr's Assorted Antiques.
 36313 | Shoals:3 | Bought a scroll of teleportation for 84 gold pieces
 36313 | Shoals:3 | Bought a scroll of teleportation for 84 gold pieces
 36313 | Shoals:3 | Bought 2 fizzy yellow potions for 50 gold pieces
 37364 | Shoals:4 | Received a gift from Trog
 37832 | Shoals:5 | Entered Level 5 of the Shoals
 37899 | Shoals:5 | Noticed Ilsuiw
 37927 | Shoals:5 | Killed Ilsuiw
 37943 | Shoals:5 | Noticed Wiglaf
 37966 | Shoals:5 | Killed Wiglaf
 37994 | Shoals:5 | Got a crude broad axe
 37996 | Shoals:5 | Identified the +6 broad axe of Quarrel {antimagic, rC- rN+ MR+ Str+3 Int-2} (You found it on level 5 of the Shoals)
 38016 | Shoals:5 | Received a gift from Trog
 38155 | Shoals:5 | Got a clouded brass amulet
 38448 | Shoals:5 | Reached XP level 19. HP: 149/177 MP: 27/34
 38504 | Shoals:5 | Got a barnacled rune of Zot
 38519 | Shoals:5 | Received a gift from Trog
 38986 | Lair:1   | Identified the amulet of Light {Spirit rPois rF- Int+4} (You found it on level 5 of the Shoals)
 39242 | Vaults:1 | Entered Level 1 of the Vaults
 39891 | Vaults:1 | Received a gift from Trog
 39993 | Vaults:1 | Gained mutation: You are weak. (Str -2) [a cacodemon]
 40130 | Vaults:1 | Found a white marble altar of Elyvilon.
 40332 | Vaults:1 | Received a gift from Trog
 40339 | Vaults:1 | Got a transparent hand axe {god gift}
 40440 | Vaults:1 | You fall through a shaft!
 40828 | Vaults:2 | Received a gift from Trog
 41040 | Vaults:2 | Reached skill level 20 in Shields
 41499 | Vaults:2 | Received a gift from Trog
 42063 | Vaults:3 | Reached XP level 20. HP: 180/189 MP: 35/35
 42070 | Vaults:3 | Found a staircase to the Crypt.
 42452 | Vaults:3 | Received a gift from Trog
 42625 | Vaults:3 | Found a flickering gateway to a bazaar.
 42656 | Bazaar   | Entered a bazaar
 42656 | Bazaar   | Found Unnikh's Weapon Shoppe.
 42656 | Bazaar   | Found Klashrag's Weapon Emporium.
 42660 | Bazaar   | Found Safu's Book Shoppe.
 42673 | Bazaar   | Found Cammantu's Magic Scroll Emporium.
 42682 | Bazaar   | Bought a scroll of identify for 32 gold pieces
 42682 | Bazaar   | Bought a scroll of identify for 32 gold pieces
 42682 | Bazaar   | Bought a scroll of identify for 32 gold pieces
 42682 | Bazaar   | Bought a scroll of teleportation for 48 gold pieces
 42682 | Bazaar   | Bought a scroll of magic mapping for 56 gold pieces
 42682 | Bazaar   | Bought a scroll of teleportation for 48 gold pieces
 42842 | Vaults:3 | Received a gift from Trog
 43058 | Vaults:3 | Identified the +5 hand axe of the Thirteen Lives {freeze, Contam rC+ rN+ Int+4 Stlth+} (Trog gifted it to you on level 1 of the Vaults)
 43059 | Vaults:3 | Upgraded the game from 0.16.1 to 0.16.1-2-g95b8d4c
 43564 | Lair:1   | Gained mutation: You are frail (-10% HP). [mutagenic glow]
 44040 | Vaults:3 | Got a transparent great mace
 44041 | Vaults:3 | Identified the +6 great mace of Bidyg {vamp, Str+6 Int+5} (You found it on level 3 of the Vaults)
 44271 | Vaults:4 | Received a gift from Trog
 44417 | Vaults:4 | Reached skill level 21 in Shields
 44482 | Vaults:4 | Received a gift from Trog
 44495 | Vaults:4 | Reached skill level 15 in Evocations
 44667 | Vaults:4 | Found Xuaraa's Gadget Emporium.
 45249 | Vaults:4 | Noticed Sojobo
 45268 | Vaults:4 | Killed Sojobo
 45311 | Vaults:5 | Entered Level 5 of the Vaults
 45335 | Vaults:4 | Received a gift from Trog
 45357 | Vaults:4 | Reached XP level 21. HP: 178/181 MP: 23/36
 45564 | Vaults:5 | Got a heavily runed plate armour
 45575 | Vaults:5 | Identified the +5 plate armour of Amorality {rC- Int+3} (You found it on level 5 of the Vaults)
 45619 | Vaults:5 | Identified a scroll of acquirement
 45714 | Vaults:5 | Received a gift from Trog
 45951 | Vaults:5 | Killed from afar by a frost giant

Action                   |  1- 3 |  4- 6 |  7- 9 | 10-12 | 13-15 | 16-18 | 19-21 || total
-------------------------+-------+-------+-------+-------+-------+-------+-------++-------
Melee: Hand axe          |   104 |   189 |     8 |       |       |       |       ||   301
       Battleaxe         |       |       |   125 |       |   256 |       |       ||   381
       War axe           |       |       |   114 |   807 |  1180 |  1624 |  1438 ||  5163
       Broad axe         |       |       |       |    21 |       |       |       ||    21
Invok: Berserk           |       |     2 |     1 |     4 |       |     1 |       ||     8
       Trog's Hand       |       |     1 |     2 |     8 |     3 |     2 |    10 ||    26
       Brothers in Arms  |       |       |     1 |     3 |     2 |       |     4 ||    10
 Abil: Evoke Flight      |       |       |       |       |       |    16 |     1 ||    17
Evoke: Wand              |       |       |       |     2 |     4 |       |       ||     6
  Use: Scroll            |     3 |     6 |     7 |     7 |    14 |    15 |     6 ||    58
       Potion            |       |     4 |       |     1 |     4 |       |       ||     9
 Stab: Distracted        |       |       |       |     1 |       |       |       ||     1
       Petrified         |       |       |       |       |     3 |       |       ||     3
       Fleeing           |       |       |       |       |       |     1 |       ||     1
  Eat: Chunk             |     2 |    11 |     7 |    17 |    23 |    11 |    17 ||    88
       Fruit             |       |       |     2 |     2 |       |       |     1 ||     5
       Bread ration      |       |       |     1 |     4 |     2 |     3 |       ||    10
       Royal jelly       |       |       |       |     1 |       |     1 |     1 ||     3
       Meat ration       |       |       |       |     1 |     5 |     4 |     4 ||    14
       Beef jerky        |       |       |       |       |       |       |     1 ||     1
